 Dungeon Crawl Stone Soup version 0.29.0-4-gdea44cf6ec (webtiles) character file.

Game seed: 13518451623845946365

35 qw the Chopper (level 3, 0/21 HPs)
             Began as a Tengu Warper on Aug 28, 2022.
             Slain by Robin
             ... wielding a +0 spear
              (5 damage)
             ... on level 2 of the Dungeon.
             The game lasted 00:00:06 (1004 turns).

qw the Chopper (Tengu Warper)                       Turns: 1004, Time: 00:00:06

Health: 0/21       AC:  3    Str: 19    XL:     3   Next: 33%
Magic:  7/7        EV: 12    Int: 13    God:
Gold:   17         SH:  0    Dex: 13    Spells: 6/6 levels left

rFire   . . .      SeeInvis .   Y - +0 hand axe
rCold   . . .      Faith    .   (no shield)
rNeg    . . .      Spirit   .   b - +0 leather armour
rPois   .          Reflect  .   (helmet restricted)
rElec   .          Harm     .   (no cloak)
rCorr   .          Rampage  .   (no gloves)
Will    .....                   (boots unavailable)
Stlth   +.........              (no amulet)
HPRegen 0.07/turn               g - +6 ring of strength
MPRegen 0.10/turn               (no ring)

@: no status effects
A: beak, talons 3
a: no special abilities


You were on level 2 of the Dungeon.
You visited 1 branch of the dungeon, and saw 2 of its levels.

You collected 17 gold pieces.


Innate Abilities, Weirdness & Mutations

You have a beak for a mouth.
You have claws for feet.


   Skills:
 - Level 2.0 Fighting
 + Level 4.0 Axes
 - Level 1.0 Throwing
 - Level 1.1 Armour
 - Level 2.1 Dodging
 - Level 2.0 Spellcasting
 - Level 2.4 Translocations


You had 6 spell levels left.
You didn't know any spells.
Your spell library contained the following spells:

 Spells                   Type           Power      Damage    Failure   Level
 Blink                    Tloc           14%        N/A       17%         2
 Gell's Gravitas          Tloc           7%         N/A       34%         3
 Lesser Beckoning         Tloc           7%         N/A       34%         3
 Teleport Other           Tloc           7%         N/A       34%         3
 Manifold Assault         Tloc           7%         N/A       97%         5

Inventory:

Hand Weapons
 d - a +0 flail
 Y - a +0 hand axe (weapon)
Armour
 b - a +0 leather armour (worn)
Jewellery
 g - a +6 ring of strength (left hand)
Potions
 a - a potion of might {unknown}
 e - a potion of heal wounds

Dungeon Overview and Level Annotations

Branches:
Dungeon (2/15)

Altars:
Ashenzari

Annotations:
D:2 Robin


Message History

Found a broken altar of Ashenzari.
Found a stone staircase leading up.
a - a fuming coppery potion
Enter note: A goblin comes into view. It is wielding a +0 club.
The goblin shouts!
You hear a shout! x4
A goblin comes into view. It is wielding a +0 club.
The goblin shouts!
You hear a shout! x2
Robin of the Strong Arm comes into view.
They are wielding a +0 spear. 2 goblins and a hobgoblin come into view.
Robin shouts!
The goblin shouts! x2; The hobgoblin shouts!
Robin roars a battlecry!
The goblins go into a battle-frenzy!
You hear a shout!
You closely miss the goblin. Your peck misses the goblin.
You hear a shout!
The goblin barely misses you.
You barely miss the goblin. You claw the goblin.
You kill the goblin!
A goblin comes into view. It is wielding a +0 club.
A goblin comes into view. It is wielding a +0 club.
The goblin barely misses you.
A hobgoblin comes into view.
You see here a +0 club.
You hit the goblin. Your kick misses the goblin.
The goblin is severely wounded.
Robin throws the goblin at you! The goblin hits you but does no damage.
The goblin closely misses you.
You hit the goblin.
You kill the goblin!
You barely miss the goblin.
Robin says, "Duck!"
Robin throws the goblin at you! The goblin hits you with a +0 club.
A goblin comes into view. It is wielding a +0 club.
The goblin hits you with a +0 dagger.
Robin hits you from afar with a +0 spear.
The goblin closely misses you.
You hit the goblin but do no damage. You closely miss the goblin.
The goblin hits you with a +0 dagger. The goblin hits you with a +0 club.
Robin hits you from afar with a +0 spear.
You die...

#.#.....# #
##.#.##..# ..
.........# ...
...#..#..# ....
#.####..<..##.....
# #............
#.....#.....
##.#gg#.....
#.##@# .... #. #)#
.... #. #g# ###
#g# #g# #g#


.gg #.# You could see Robin, 2 hobgoblins and 5 goblins.

Vanquished Creatures
  A gnoll (D:1)
  A dart slug (D:1)
  A bat (D:1)
  3 endoplasms (D:1)
  5 goblins
  2 hobgoblins (D:1)
  2 ball pythons (D:1)
  2 frilled lizards
  2 kobolds (D:1)
  4 rats (D:1)
23 creatures vanquished.

Notes
Turn   | Place    | Note
-------+----------+-------------------------------------------
     0 | D:1      | qw the Tengu Warper began the quest for the Orb.
     0 | D:1      | Reached XP level 1. HP: 12/12 MP: 4/4
     0 | D:1      | 0 ||| qw: Version: 0.1-a-89-g26bdef1
     0 | D:1      | 0 ||| qw: Game counter: 1498
     0 | D:1      | 0 ||| qw: Always use a shield: true
     0 | D:1      | 0 ||| qw: God list: Okawaru
     0 | D:1      | 0 ||| qw: Allow faded altars: false
     0 | D:1      | 0 ||| qw: Do Orc after D:15 true
     0 | D:1      | 0 ||| qw: Do second Lair branch before Depths: true
     0 | D:1      | 0 ||| qw: Lair rune preference: random
     0 | D:1      | 0 ||| qw: Plans: Normal
     0 | D:1      | 0 ||| PLANNING D:1-11
    65 | D:1      | HP: 3/12 [gnoll/+0 flail (9)]
    67 | D:1      | HP: 1/12 [frozen (2)]
    68 | D:1      | Reached skill level 3 in Axes
    68 | D:1      | Reached XP level 2. HP: 2/17 MP: 6/6
   369 | D:1      | 369 ||| DROPPING +0 mace.
   683 | D:1      | Reached XP level 3. HP: 21/21 MP: 7/7
   796 | D:1      | Found a faded altar of an unknown god.
   887 | D:1      | 887 ||| UPGRADING to +6 ring of strength.
   888 | D:1      | 888 ||| READING scroll labelled YSIDOYFEUN.
   889 | D:1      | 889 ||| READING scroll labelled SUOLOXUVEOTZ.
   890 | D:1      | 890 ||| DRINKING 2 purple potions.
   891 | D:1      | 891 ||| DROPPING scroll of blinking.
   909 | D:2      | 909 ||| STAIRDANCE
   915 | D:1      | Reached skill level 4 in Axes
   923 | D:2      | 923 ||| STAIRDANCE
   981 | D:2      | Found a broken altar of Ashenzari.
   997 | D:2      | Noticed Robin
  1004 | D:2      | HP: 5/21 [goblin/+0 club[Robin] (3)]
  1004 | D:2      | Slain by Robin

Levels and vault maps discovered:
D:1:      scummos_arrival_hexagon, layout_rooms,
          dreamdust_ecumenical_altar_angels_and_demons, minmay_misc_feat_rows
D:2:      layout_basic, basic_altar, uniq_jessica, uniq_robin

Skill      XL: |  1  2  3 |
---------------+----------+-----
Axes           | 3 4 |  4.0
Fighting       | |  2.0
Throwing       | |  1.0
Armour         | |  1.1
Dodging        | |  2.1
Spellcasting   | |  2.0
Translocations | |  2.4

Action                   || total
-------------------------++-------
Melee: Hand axe          ||    45
       Kick              ||    12
       Peck              ||     3
Throw: Boomerang         ||     7
  Use: Scroll            ||     2
       Potion            ||     1
Armor: Leather armour    ||     8
Dodge: Dodged            ||    22

Table legend:
 A = Non-vault XP
 B = Vault XP
 C = Vault XP percentage of total XP
 D = Non-vault monster count
 E = Vault monster count
 F = Vault count percentage of total count
                 A         B        C        D         E       F
            +---------+---------+-------+---------+---------+-------
      Total |      46 |       4 |   8.0 |      21 |       2 |   8.7
            +---------+---------+-------+---------+---------+-------
        D:1 |      45 |       0 |   0.0 |      20 |       0 |   0.0
        D:2 |       1 |       4 |  80.0 |       1 |       2 |  66.7
            +---------+---------+-------+---------+---------+-------
